 Dungeon Crawl Stone Soup version 0.23.2-11-gf996548c65 (webtiles) character file.

Game seed: 2965053342065234459

661 OfficialHLT the Cleaver (level 7, -1/61 HPs)
             Began as a Minotaur Berserker on June 4, 2019.
             Was a Believer of Trog.
             Shot with an arrow by a centaur (3 damage)
             ... on level 5 of the Dungeon.
             The game lasted 00:39:12 (6053 turns).

OfficialHLT the Cleaver (Minotaur Berserker)        Turns: 6053, Time: 00:39:13

Health: -1/61      AC:  9    Str: 24    XL:     7   Next: 30%
Magic:  6/6        EV: 11    Int:  4    God:    Trog [**....]
Gold:   201        SH:  0    Dex:  9    Spells: 6/6 levels left

rFire    . . .     SeeInvis .   a - +0 hand axe
rCold    . . .     Gourm    .   (no shield)
rNeg     + . .     Faith    .   w - +1 scale mail
rPois    .         Spirit   .   (helmet restricted)
rElec    .         Reflect  .   (no cloak)
rCorr    .         Harm     .   (no gloves)
MR       .....                  d - +0 pair of boots
Stlth    ..........             (no amulet)
HPRegen  0.20/turn              o - ring of positive energy
MPRegen  0.10/turn              (no ring)

@: no status effects
A: retaliatory headbutt, horns 2
a: Berserk, Trog's Hand, Renounce Religion


You were on level 5 of the Dungeon.
You worshipped Trog.
Trog was pleased with you.
You were hungry.

You visited 1 branch of the dungeon, and saw 5 of its levels.

You collected 201 gold pieces.

Inventory:

Hand Weapons
 a - a +0 hand axe (weapon)
 u - a +0 mace
 v - a +0 hand axe
Armour
 b - a +0 animal skin
 d - a +0 pair of boots (worn)
 g - a +0 ring mail
 w - a +1 scale mail (worn)
Jewellery
 o - a ring of positive energy (left hand)
Wands
 x - a wand of acid (9)
Scrolls
 h - a scroll of fog
 i - 2 scrolls of random uselessness
 j - a scroll of identify
 l - a scroll of fear
 m - a scroll of teleportation {unknown}
 n - a scroll of enchant armour
 p - a scroll of amnesia
 r - a scroll of magic mapping {unknown}
 y - a scroll of remove curse
 B - a scroll of blinking
Potions
 e - 2 potions of curing
 f - a potion of berserk rage
 k - 2 potions of haste
 q - a potion of ambrosia {unknown}
 s - 3 potions of lignification
 t - 2 potions of flight
 z - 2 potions of might {unknown}
 A - a potion of agility {unknown}
 C - a potion of heal wounds {unknown}
Comestibles
 c - 4 rations


   Skills:
 + Level 5.1 Fighting
 * Level 8.1 Axes
 + Level 5.1 Armour
 + Level 2.9 Dodging


You had 6 spell levels left.
You didn't know any spells.
Your spell library was empty.

Dungeon Overview and Level Annotations

Branches:
Dungeon (5/15)
 Temple: D:4-7

Altars:
Ashenzari
Dithmenos
Gozag
Makhleb
Okawaru
Qazlal
Uskayaw
Wu Jian


Innate Abilities, Weirdness & Mutations

You reflexively headbutt those who attack you in melee.
You have a pair of horns on your head.


Message History

The centaur shoots an arrow.
The arrow misses you.
The centaur shoots an arrow.
The arrow misses you.
You see here an arrow.
The centaur shoots an arrow.
The arrow hits you but does no damage.
The centaur shoots an arrow.
The arrow closely misses you.
You see here an arrow.
The centaur shoots an arrow.
The arrow hits you but does no damage.
You see here an arrow.
The centaur shoots an arrow.
The arrow barely misses you.
The centaur shoots an arrow.
The arrow barely misses you.
The centaur shoots an arrow.
The arrow completely misses you.
The centaur shoots an arrow.
The arrow hits you but does no damage.
The centaur shoots an arrow.
The arrow hits you.
* * * LOW HITPOINT WARNING * * *
You see here 2 arrows.
The centaur shoots an arrow.
The arrow hits you!
* * * LOW HITPOINT WARNING * * *
You see here an arrow.
The centaur shoots an arrow.
The arrow hits you.
You die...

...##.####..<.....#
...................# #..
...>...........#
#....#.###..........
#....#..............
#....##.............
...###.#......#.........
. #........##.##.........
..######@..#..##.........
........(#...######.#####
.....(..Z....# #.#
.....(.......# ..#
........c#...#####.##
...........c..#.....#
..........(..........
.........(...(.....^.
.........((..(.......


You could see 2 centaurs and an adder skeleton.

Vanquished Creatures
  Grinder (D:3)
  A centaur (D:4)
  A scorpion (D:4)
  A crimson imp (D:5)
  3 hounds
  3 worker ants
  3 gnolls (D:4)
  5 adders
  An ooze (D:1)
  A worm (D:4)
  A dart slug (D:4)
  4 leopard geckos
  4 orcs
  8 bats
  A giant cockroach (D:4)
  4 goblins
  6 hobgoblins
  2 jackals (D:3)
  A quokka (D:3)
  A ball python (D:1)
  4 frilled lizards
  A jackal skeleton (D:4)
  5 kobolds
  A quokka skeleton (D:4)
  2 rats (D:1)
65 creatures vanquished.

Notes
Turn   | Place    | Note
-------+----------+-------------------------------------------
     0 | D:1      | OfficialHLT the Minotaur Berserker began the quest for the
                  | Orb.
     0 | D:1      | Reached XP level 1. HP: 19/19 MP: 0/0
   632 | D:1      | Reached XP level 2. HP: 24/27 MP: 1/1
  1283 | D:1      | Reached skill level 4 in Axes
  1395 | D:2      | Found a faded altar of an unknown god.
  1800 | D:2      | Reached XP level 3. HP: 27/33 MP: 2/2
  1835 | D:2      | Found a burning altar of Makhleb.
  1838 | D:2      | Found a hide-covered altar of Uskayaw.
  3286 | D:3      | Reached skill level 5 in Axes
  3333 | D:3      | Reached XP level 4. HP: 41/41 MP: 3/3
  3354 | D:3      | Found a shadowy altar of Dithmenos.
  3399 | D:3      | Found a stormy altar of Qazlal.
  3402 | D:3      | Found an ornate altar of the Wu Jian Council.
  3405 | D:3      | Found a shattered altar of Ashenzari.
  3446 | D:3      | Reached ** piety under Trog
  3580 | D:3      | Noticed Grinder
  3582 | D:3      | Paralysed by Grinder for 4 turns
  3602 | D:3      | Paralysed by Grinder for 3 turns
  3605 | D:3      | Killed Grinder
  3605 | D:3      | Reached skill level 6 in Axes
  3605 | D:3      | Reached XP level 5. HP: 31/47 MP: 4/4
  3605 | D:3      | Reached XP level 6. HP: 37/55 MP: 5/5
  3618 | D:3      | Found an iron altar of Okawaru.
  4342 | D:4      | Reached skill level 7 in Axes
  4528 | D:4      | Found an opulent altar of Gozag.
  4572 | D:4      | Reached XP level 7. HP: 42/60 MP: 6/6
  4816 | D:4      | Reached skill level 5 in Fighting
  4830 | D:3      | Reached skill level 8 in Axes
  4830 | D:3      | Reached skill level 5 in Armour
  5168 | D:4      | Got a polished ring mail
  5980 | D:5      | Entered Level 5 of the Dungeon
  6052 | D:5      | HP: 2/61 [centaur/arrow (12)]
  6053 | D:5      | Shot with an arrow by a centaur

Skill      XL: |  1  2  3  4  5  6  7 |
---------------+----------------------+-----
Fighting       | 4 5 |  5.1
Axes           | 4 5 6 7 8 |  8.1
Armour         | 4 5 |  5.1
Dodging        | |  2.9

Action                   |  1- 3 |  4- 6 |  7- 9 || total
-------------------------+-------+-------+-------++-------
Melee: Hand axe          |    79 |   105 |    33 ||   217
       Headbutt          |    11 |    23 |     6 ||    40
  Use: Scroll            |     5 |     4 |     4 ||    13
 Stab: Sleeping          |     1 |       |       ||     1
  Eat: Chunk             |     4 |     1 |       ||     5
       Ration            |     1 |     1 |     1 ||     3
Armor: Animal skin       |     4 |       |       ||     4
       Ring mail         |    20 |     7 |       ||    27
       Scale mail        |       |    42 |    24 ||    66
Dodge: Dodged            |    54 |    59 |    41 ||   154
